DSL
DSL BALTIMORE ORIOLES @ DSL BOSTON RED SOX
04/22/2042
 
TOP OF THE 1ST
DSL Baltimore Orioles batting - Pitching for DSL Boston Red Sox : RHP Luis Miguel Lozano
Pitching: RHP Luis Miguel Lozano
Batting: RHB Jesús Martínez 0-0: Ball
1-0: Ball
2-0: Ground out 5-3 (Groundball, 56S, EV 67.5 MPH)
Batting: RHB Tony Quintero 0-0: Ball
1-0: Ball
2-0: Ground out 6-3 (Groundball, 6, EV 85.6 MPH)
Batting: LHB Jorge Mota 0-0: Called Strike
0-1: Ball
1-1: Swinging Strike
1-2: Foul Ball, location: 2F
1-2: Ball
2-2: Ball
3-2: Strikes out swinging
Top of the 1st over - 0 runs, 0 hits, 0 errors, 0 left on base; DSL Baltimore 0 - DSL Boston 0
BOTTOM OF THE 1ST
DSL Boston Red Sox batting - Pitching for DSL Baltimore Orioles : RHP António Morales
Pitching: RHP António Morales
Batting: SHB Juan Padilla 0-0: Ball
1-0: Foul Ball, location: 2F
1-1: Called Strike
1-2: Ball
2-2: Ball
3-2: Strikes out swinging
Batting: SHB Al McFadden 0-0: DOUBLE (Line Drive, 5D, EV 98.8 MPH)
Pinch Runner at 2nd Jim Unknown:
Batting: RHB Arturo Moreno 0-0: Foul Ball, location: 3F
0-1: Ball
1-1: Ground out 5-3 (Groundball, 56S, EV 79.4 MPH)
Batting: LHB José Quintero 0-0: Fly out, F7 (Line Drive, 78M, EV 93.1 MPH)
Bottom of the 1st over - 0 runs, 1 hit, 0 errors, 1 left on base; DSL Baltimore 0 - DSL Boston 0
TOP OF THE 2ND
DSL Baltimore Orioles batting - Pitching for DSL Boston Red Sox : RHP Luis Miguel Lozano
Now in CF: Jim Unknown
Now in RF: Juan Padilla
Batting: RHB Jorge Rivera 0-0: Ball
1-0: Ball
2-0: Swinging Strike
2-1: Ball
3-1: Base on Balls
Batting: RHB Jesús Cruz 0-0: Foul Ball, location: 23F
0-1: Foul Ball, location: 7LSFF
0-2: Strikes out swinging
Batting: LHB António García 0-0: Called Strike
0-1: Ball
1-1: Called Strike
1-2: Strikes out swinging
Batting: RHB Albert Vargas 0-0: Ball
1-0: SINGLE (Groundball, 5S, EV 71.3 MPH) (infield hit)
Jorge Rivera to second
Batting: RHB Jorge Cruz 0-0: Ball
1-0: Fly out, F4 (Popup, 4S, EV 71.3 MPH)
Top of the 2nd over - 0 runs, 1 hit, 0 errors, 2 left on base; DSL Baltimore 0 - DSL Boston 0
BOTTOM OF THE 2ND
DSL Boston Red Sox batting - Pitching for DSL Baltimore Orioles : RHP António Morales
Batting: RHB Juan Vázquez 0-0: Ball
1-0: Ball
2-0: Foul Ball, location: 3F
2-1: Ground out 5-3 (Groundball, 56, EV 101.3 MPH)
Batting: LHB Héctor Valentín 0-0: Ball
1-0: Fly out, F8 (Flyball, 8LM, EV 93.1 MPH)
Batting: RHB Maziba Faraji 0-0: Ball
1-0: Ball
2-0: Foul Ball, location: 2F
2-1: Called Strike
2-2: Hit by Pitch
Batting: LHB Daniel Martínez 0-0: Ball
1-0: Swinging Strike
1-1: Swinging Strike
1-2: Ball
2-2: Strikes out swinging
Bottom of the 2nd over - 0 runs, 0 hits, 0 errors, 1 left on base; DSL Baltimore 0 - DSL Boston 0
TOP OF THE 3RD
DSL Baltimore Orioles batting - Pitching for DSL Boston Red Sox : RHP Luis Miguel Lozano
Batting: RHB Carol Vroom 0-0: Ball
1-0: Ball
2-0: Ball
3-0: Base on Balls
Batting: RHB Jesús Martínez 0-0: Foul Ball, location: 25F
0-1: Called Strike
0-2: Ball
1-2: Ball
2-2: Ball
3-2: Foul Ball, location: 9LDF
3-2: Strikes out swinging
Batting: RHB Tony Quintero 0-0: Ball
1-0: Called Strike
1-1: Swinging Strike
1-2: Ball
2-2: Ball
3-2: Base on Balls
Carol Vroom to second
Batting: LHB Jorge Mota 0-0: Ball
1-0: Foul Ball, location: 23F
1-1: Foul Ball, location: 7LMF
1-2: Strikes out looking
Batting: RHB Jorge Rivera 0-0: Ball
1-0: Foul Ball, location: 3FF
1-1: Ball
2-1: Ball
3-1: Base on Balls
Carol Vroom to third
Tony Quintero to second
Batting: RHB Jesús Cruz 0-0: Foul Ball, location: 23F
0-1: Foul Ball, location: 7LMF
0-2: Strikes out swinging
Top of the 3rd over - 0 runs, 0 hits, 0 errors, 3 left on base; DSL Baltimore 0 - DSL Boston 0
BOTTOM OF THE 3RD
DSL Boston Red Sox batting - Pitching for DSL Baltimore Orioles : RHP António Morales
Batting: SHB Juan García 0-0: Ball
1-0: Called Strike
1-1: Called Strike
1-2: Foul Ball, location: 2RF
1-2: Strikes out swinging
Batting: SHB Juan Padilla 0-0: Called Strike
0-1: Swinging Strike
0-2: Ball
1-2: Strikes out swinging
Batting: RHB Jim Unknown 0-0: Called Strike
0-1: Ball
1-1: Foul Ball, location: 23F
1-2: Ball
2-2: Foul Ball, location: 2F
2-2: Foul Ball, location: 5F
2-2: Foul Ball, location: 23F
2-2: Foul Ball, location: 23FF
2-2: Strikes out swinging
Bottom of the 3rd over - 0 runs, 0 hits, 0 errors, 0 left on base; DSL Baltimore 0 - DSL Boston 0
TOP OF THE 4TH
DSL Baltimore Orioles batting - Pitching for DSL Boston Red Sox : RHP Luis Miguel Lozano
Batting: LHB António García 0-0: Ball
1-0: Foul Ball, location: 2F
1-1: Ball
2-1: Ball
3-1: Base on Balls
Batting: RHB Albert Vargas 0-0: Bunted foul
0-1: Swinging Strike
0-2: Ball
1-2: Foul Ball, location: 9LMF
1-2: Ball
2-2: Fly out, F9 (Flyball, 9D, EV 101.9 MPH)
Batting: RHB Jorge Cruz 0-0: Called Strike
António García is caught stealing 2nd base 2-4
0-1: Foul Ball, location: 3DF
0-2: Ball
1-2: Ball
2-2: SOLO HOME RUN (Flyball, 9D, EV 95.0 MPH), Distance : 359 ft
Batting: RHB Carol Vroom 0-0: Swinging Strike
0-1: Foul Ball, location: 2F
0-2: Strikes out swinging
Top of the 4th over - 1 run, 1 hit, 0 errors, 0 left on base; DSL Baltimore 1 - DSL Boston 0
BOTTOM OF THE 4TH
DSL Boston Red Sox batting - Pitching for DSL Baltimore Orioles : RHP António Morales
Batting: RHB Arturo Moreno 0-0: Ball
1-0: Called Strike
1-1: Foul Ball, location: 5F
1-2: Ball
2-2: Strikes out swinging
Batting: LHB José Quintero 0-0: Called Strike
0-1: Ball
1-1: Foul Ball, location: 9LSF
1-2: Ball
2-2: Strikes out swinging
Batting: RHB Juan Vázquez 0-0: Ball
1-0: Swinging Strike
1-1: Foul Ball, location: 3DF
1-2: Strikes out swinging
Bottom of the 4th over - 0 runs, 0 hits, 0 errors, 0 left on base; DSL Baltimore 1 - DSL Boston 0
TOP OF THE 5TH
DSL Baltimore Orioles batting - Pitching for DSL Boston Red Sox : RHP Luis Miguel Lozano
Batting: RHB Jesús Martínez 0-0: Ground out 1-3 (Groundball, 13, EV 73.1 MPH)
Batting: RHB Tony Quintero 0-0: Ground out 5-3 (Groundball, 5S, EV 79.4 MPH)
Batting: LHB Jorge Mota 0-0: Called Strike
0-1: Foul Ball, location: 3FF
0-2: Strikes out swinging
Top of the 5th over - 0 runs, 0 hits, 0 errors, 0 left on base; DSL Baltimore 1 - DSL Boston 0
BOTTOM OF THE 5TH
DSL Boston Red Sox batting - Pitching for DSL Baltimore Orioles : RHP António Morales
Batting: LHB Héctor Valentín 0-0: Ball
1-0: Ball
2-0: SINGLE (Groundball, 56, EV 105.6 MPH)
Batting: RHB Maziba Faraji 0-0: Bunt missed!
0-1: Bunt missed!
0-2: Ball
1-2: Grounds into double play, 4-6-3 (Groundball, 34S, EV 85.0 MPH)
Batting: LHB Daniel Martínez 0-0: Called Strike
0-1: Foul Ball, location: 5SF
0-2: Ball
1-2: Ball
2-2: Ball
3-2: Foul Ball, location: 3FF
3-2: Strikes out swinging
Bottom of the 5th over - 0 runs, 1 hit, 0 errors, 0 left on base; DSL Baltimore 1 - DSL Boston 0
TOP OF THE 6TH
DSL Baltimore Orioles batting - Pitching for DSL Boston Red Sox : RHP Luis Miguel Lozano
Pitching: LHP Tomás Cruz
Batting: RHB Jorge Rivera 0-0: Foul Ball, location: 25F
0-1: Swinging Strike
0-2: Ball
1-2: Foul Ball, location: 9LDF
1-2: Strikes out looking
Batting: RHB Jesús Cruz 0-0: Foul Ball, location: 2F
0-1: Ball
1-1: Ground out 3-1 (Groundball, 34, EV 87.5 MPH)
Batting: LHB António García 0-0: Ball
1-0: Called Strike
1-1: Swinging Strike
1-2: Strikes out swinging
Top of the 6th over - 0 runs, 0 hits, 0 errors, 0 left on base; DSL Baltimore 1 - DSL Boston 0
BOTTOM OF THE 6TH
DSL Boston Red Sox batting - Pitching for DSL Baltimore Orioles : RHP António Morales
Batting: SHB Juan García 0-0: Swinging Strike
0-1: Foul Ball, location: 2F
0-2: Strikes out swinging
Batting: SHB Juan Padilla 0-0: Ball
1-0: Ball
2-0: Swinging Strike
2-1: Ball
3-1: Foul Ball, location: 3FF
3-2: Strikes out swinging
Batting: RHB Jim Unknown 0-0: Swinging Strike
0-1: SOLO HOME RUN (Flyball, 7D, EV 93.1 MPH), Distance : 350 ft
Batting: RHB Arturo Moreno 0-0: Ball
1-0: Ball
2-0: Hit by Pitch, AND HE CHARGES THE MOUND! The benches clear!
Pitching: RHP Nelson Salazar
Pinch Runner at 1st Jim Unknown:
Batting: LHB José Quintero 0-0: Called Strike
0-1: Ball
1-1: Ball
2-1: Ball
3-1: Foul Ball, location: 2F
3-2: Base on Balls
Jim Unknown to second
Batting: RHB Juan Vázquez 0-0: Called Strike
0-1: Ball
1-1: Ball
2-1: Ball
3-1: Foul Ball, location: 9LSF
3-2: Strikes out swinging
Bottom of the 6th over - 1 run, 1 hit, 0 errors, 2 left on base; DSL Baltimore 1 - DSL Boston 1
TOP OF THE 7TH
DSL Baltimore Orioles batting - Pitching for DSL Boston Red Sox : LHP Tomás Cruz
Now in LF: Jim Unknown
Pinch Hitting: RHB José Toledo 0-0: Ball
1-0: Called Strike
1-1: Ball
2-1: Swinging Strike
2-2: Ball
3-2: Foul Ball, location: 7LDF
3-2: Strikes out swinging
Batting: RHB Jorge Cruz 0-0: Called Strike
0-1: Foul Ball, location: 5FF
0-2: Foul Ball, location: 3F
0-2: Foul Ball, location: 9LDF
0-2: Foul Ball, location: 2F
0-2: Ball
1-2: Strikes out looking
Batting: RHB Carol Vroom 0-0: Foul Ball, location: 5DF
0-1: Swinging Strike
0-2: Foul Ball, location: 9LSF
0-2: Strikes out swinging
Top of the 7th over - 0 runs, 0 hits, 0 errors, 0 left on base; DSL Baltimore 1 - DSL Boston 1
BOTTOM OF THE 7TH
DSL Boston Red Sox batting - Pitching for DSL Baltimore Orioles : RHP Nelson Salazar
Now in CF: José Toledo
Batting: LHB Héctor Valentín 0-0: Ball
1-0: Foul Ball, location: 23F
1-1: SOLO HOME RUN (Flyball, 9LD, EV 93.1 MPH), Distance : 352 ft
Batting: RHB Maziba Faraji 0-0: Ball
1-0: Called Strike
1-1: Foul Ball, location: 9LMF
1-2: SINGLE (Line Drive, 78S, EV 104.4 MPH)
Batting: LHB Daniel Martínez 0-0: Called Strike
0-1: Ball
1-1: Foul Ball, location: 5F
1-2: Strikes out swinging
Batting: SHB Juan García 0-0: Called Strike
0-1: Foul Ball, location: 2F
0-2: Strikes out looking
Batting: SHB Juan Padilla 0-0: Swinging Strike
0-1: Ground out U3 (Groundball, 3S, EV 67.5 MPH)
Bottom of the 7th over - 1 run, 2 hits, 0 errors, 1 left on base; DSL Baltimore 1 - DSL Boston 2
TOP OF THE 8TH
DSL Baltimore Orioles batting - Pitching for DSL Boston Red Sox : LHP Tomás Cruz
Batting: RHB Jesús Martínez 0-0: Ball
1-0: Called Strike
1-1: Ball
2-1: Ball
3-1: Base on Balls
Pitching: RHP Jorge Guardado
Batting: RHB Tony Quintero 0-0: Ball
1-0: Sac Bunt to 15 - play at first, batter OUT! 1-3
Jesús Martínez to second
Batting: LHB Jorge Mota 0-0: Ball
1-0: Swinging Strike
1-1: Fly out, F8 (Flyball, 89XD, EV 85.6 MPH)
Runner from 2nd tags up, SAFE at 3rd, no throw by CF
Batting: RHB Jorge Rivera 0-0: Foul Ball, location: 5F
0-1: Ball
1-1: Ball
2-1: Foul Ball, location: 2F
2-2: Strikes out looking
Top of the 8th over - 0 runs, 0 hits, 0 errors, 1 left on base; DSL Baltimore 1 - DSL Boston 2
BOTTOM OF THE 8TH
DSL Boston Red Sox batting - Pitching for DSL Baltimore Orioles : RHP Nelson Salazar
Batting: RHB Jim Unknown 0-0: Swinging Strike
0-1: Ball
1-1: Ball
2-1: Ball
3-1: Foul Ball, location: 5SF
3-2: Strikes out looking
Batting: LHB Jim Unknown 0-0: Foul Ball, location: 25F
0-1: Swinging Strike
0-2: Strikes out swinging
Batting: LHB José Quintero 0-0: Called Strike
0-1: Swinging Strike
0-2: Ball
1-2: Strikes out looking
Bottom of the 8th over - 0 runs, 0 hits, 0 errors, 0 left on base; DSL Baltimore 1 - DSL Boston 2
TOP OF THE 9TH
DSL Baltimore Orioles batting - Pitching for DSL Boston Red Sox : RHP Jorge Guardado
Pitching: RHP Juan Ordóñez
Batting: RHB Jesús Cruz 0-0: Ground out 6-3 (Groundball, 6, EV 102.5 MPH)
Batting: SHB Jermão Remgio 0-0: Ball
1-0: Ball
2-0: Called Strike
2-1: Ground out 4-3 (Groundball, 4, EV 101.9 MPH)
Batting: RHB José Toledo 0-0: Foul Ball, location: 2F
0-1: Foul Ball, location: 9LSF
0-2: Strikes out swinging
Top of the 9th over - 0 runs, 0 hits, 0 errors, 0 left on base; DSL Baltimore 1 - DSL Boston 2
Friday, May 3rd , 2024 - OOTP Baseball 24.10 Build 82